 Dungeon Crawl Stone Soup version 0.29-a0-338-g1ff7896281 (webtiles) character file.

Game seed: 4915834127846704159

1360 kevlar127 the Ruffian (level 8, -3/80 HPs)
             Began as a Troll Berserker on Apr 18, 2022.
             Was a Believer of Trog.
             Slain by a gnoll
             ... wielding a +0 halberd
              (11 damage)
             ... on level 6 of the Dungeon.
             The game lasted 00:30:17 (3938 turns).

kevlar127 the Ruffian (Troll Berserker)             Turns: 3938, Time: 00:30:18

Health: -3/80      AC:  5    Str: 28    XL:     8   Next: 37%
Magic:  7/7        EV:  8    Int:  3    God:    Trog [**....]
Gold:   338        SH:  9    Dex:  9    Spells: 7/7 levels left

rFire   . . .      SeeInvis .     - Unarmed
rCold   . . .      Faith    .   u - +2 kite shield
rNeg    . . .      Spirit   .   a - +0 animal skin
rPois   .          Reflect  .   (helmet restricted)
rElec   .          Harm     .   v - +0 cloak
rCorr   .          Rampage  .   (gloves unavailable)
Will    .....                   (boots unavailable)
Stlth   +.........              (no amulet)
HPRegen 1.03/turn               (no ring)
MPRegen 0.10/turn               (no ring)

@: on berserk cooldown, attractive, slowed, very slow
A: large, unfitting armour, claws 3, regeneration 1, shaggy fur 1, tough skin 1
a: Renounce Religion, Berserk, Trog's Hand


You were on level 6 of the Dungeon.
You worshipped Trog.
Trog was pleased with you.
You visited 1 branch of the dungeon, and saw 6 of its levels.

You collected 338 gold pieces.

Inventory:

Missiles
 i - 2 poisoned darts
 j - 169 stones
 q - 5 boomerangs (quivered)
Armour
 a - a +0 animal skin (worn)
 u - a +2 kite shield (worn)
 v - a +0 cloak (worn)
Wands
 z - a wand of flame (11)
Scrolls
 f - 2 scrolls of enchant armour {unknown}
 g - 4 scrolls of fear {unknown}
 k - 4 scrolls of teleportation {unknown}
 l - 3 scrolls of identify
 m - a scroll of amnesia {unknown}
 n - a scroll of holy word {unknown}
 s - a scroll of noise {unknown}
 t - 2 scrolls of immolation {unknown}
 y - a scroll of summoning {unknown}
Potions
 b - a potion of resistance {unknown}
 c - a potion of brilliance {unknown}
 d - a potion of ambrosia {unknown}
 e - a potion of mutation {unknown}
 h - 2 potions of magic {unknown}
 o - 4 potions of cancellation {unknown}
 p - 2 potions of curing {unknown}
 x - a potion of degeneration


   Skills:
 + Level 5.3 Fighting
 + Level 4.1 Throwing
 - Level 2.7 Dodging
 + Level 3.0 Shields
 + Level 6.4 Unarmed Combat


You had 7 spell levels left.
You didn't know any spells.
Your spell library contained the following spells:

 Spells                   Type           Power      Damage    Failure   Level
 Ozocubu's Armour         Ice            0%         N/A       99%         3
 Summon Ice Beast         Ice/Summ       0%         N/A       100%        4
 Summon Mana Viper        Hex/Summ       0%         N/A       100%        5
 Monstrous Menagerie      Summ           0%         N/A       100%        7
 Ozocubu's Refrigeration  Ice            0%         4d5       100%        7


Dungeon Overview and Level Annotations

Branches:
Dungeon (6/15)
 Temple: D:4-7

Altars:
Gozag

Shops:
D:3 *

Annotations:
D:6 Sigmund


Innate Abilities, Weirdness & Mutations

You are too large for most types of armour.
You have claws for hands.
Your natural rate of healing is unusually fast.
You are covered in fur. (AC +1)
You have tough skin. (AC +1)


Message History

The gnoll sergeant barely misses you. The hound bites you.
The gnoll hits you from afar with a +0 halberd!
* * * LOW HITPOINT WARNING * * *
The gnoll sergeant hits you from afar with a +2 trident of freezing.
* * * LOW HITPOINT WARNING * * *
The gnoll sergeant freezes you.
* * * LOW HITPOINT WARNING * * *
You feel much better. The hound barely misses you.
The gnoll closely misses you. You block the hound's attack.
You block the gnoll sergeant's attack.
Found a metallic black potion.
The hound bites you but does no damage.
The gnoll hits you from afar with a +0 halberd.
The gnoll sergeant closely misses you. You block the hound's attack.
You block Sigmund's attack.
The gnoll hits you from afar with a +0 halberd!
The gnoll sergeant hits you from afar with a +2 trident of freezing.
* * * LOW HITPOINT WARNING * * *
The gnoll sergeant freezes you.
* * * LOW HITPOINT WARNING * * *
A wight comes into view. It is wielding a +3 mace.
Your skin stops crawling.
You feel less strong-willed. The hound bites you.
* * * LOW HITPOINT WARNING * * *
The hound completely misses you.
Okay, then.
Okay, then.
It was a potion of attraction.
You feel attractive to monsters. The hound bites you.
* * * LOW HITPOINT WARNING * * *
You block the gnoll's attack.
The gnoll hits you from afar with a +0 halberd!
* * * LOW HITPOINT WARNING * * *
A wight comes into view.
It is wielding a +2 war axe of freezing.
You block Sigmund's attack.
A hound comes into view.
The hound bites you.
* * * LOW HITPOINT WARNING * * *
The gnoll hits you from afar with a +0 halberd!
You die...

#...............#
#........h.....<#...
#...............#..#
#...................
#...........)......#
#..?........g......
##........ggg......
##..z...)@h..##.
####.#####@.# #.#
#..# #.# #.... ..#
.....# ## ..!..#
#.z...# #.....#
#.....#


You could see Sigmund, a gnoll sergeant, 2 hounds, 2 wights and 3 gnolls.

Vanquished Creatures
  Pikel (D:6)
  Grinder (D:5)
  A black bear (D:4)
  An ogre (D:5)
  A bullfrog (D:6)
  A scorpion (D:5)
  A howler monkey (D:4)
  2 hounds
  An orc priest (D:3)
  Crazy Yiuf (D:5)
  An iguana (D:3)
  2 orc wizards (D:5)
  7 adders
  4 gnolls (D:5)
  A white imp (D:5)
  2 ufetubi
  A worm (D:2)
  2 dart slugs
  13 orcs
  3 bats
  3 endoplasms
  2 giant cockroaches
  6 goblins
  4 hobgoblins
  9 jackals
  3 quokkas
  4 ball pythons
  A frilled lizard (D:1)
  3 kobolds (D:1)
  6 rats
88 creatures vanquished.

Notes
Turn   | Place    | Note
-------+----------+-------------------------------------------
     0 | D:1      | kevlar127 the Troll Berserker began the quest for the Orb.
     0 | D:1      | Reached XP level 1. HP: 22/22 MP: 0/0
   109 | D:1      | Found a faded altar of an unknown god.
   160 | D:1      | Reached XP level 2. HP: 29/29 MP: 1/1
   646 | D:1      | Reached ** piety under Trog
   746 | D:2      | Reached XP level 3. HP: 36/36 MP: 2/2
  1748 | D:3      | Reached skill level 4 in Unarmed Combat
  1748 | D:3      | Reached XP level 4. HP: 13/45 MP: 3/3
  1791 | D:3      | Found Gozag's Platinum Reserve.
  1795 | D:3      | Found an opulent altar of Gozag.
  2021 | D:3      | Reached XP level 5. HP: 34/53 MP: 4/4
  2519 | D:4      | Reached skill level 1 in Throwing
  2535 | D:4      | Noticed a black bear
  2541 | D:4      | Killed a black bear
  2597 | D:4      | Reached XP level 6. HP: 62/62 MP: 5/5
  2722 | D:4      | Reached skill level 5 in Unarmed Combat
  3063 | D:5      | Entered Level 5 of the Dungeon
  3081 | D:5      | Reached *** piety under Trog
  3159 | D:5      | Reached skill level 1 in Shields
  3260 | D:5      | Noticed Grinder
  3281 | D:5      | Reached XP level 7. HP: 71/71 MP: 6/6
  3302 | D:5      | Killed Grinder
  3429 | D:5      | Found a runed translucent door.
  3430 | D:5      | Noticed Crazy Yiuf
  3604 | D:5      | Killed Crazy Yiuf
  3903 | D:6      | Noticed Pikel
  3925 | D:6      | Killed Pikel
  3926 | D:6      | Reached skill level 5 in Fighting
  3926 | D:6      | Reached skill level 6 in Unarmed Combat
  3926 | D:6      | Reached XP level 8. HP: 66/80 MP: 7/7
  3928 | D:6      | Noticed Sigmund
  3938 | D:6      | Slain by a gnoll

Illustrated notes

Levels and vault maps discovered:
D:1:      dpeg_arrival_prison, layout_basic, hellmonk_ecumenical_altar_zigzags,
          chequers_serial_rivers_micro_e
D:2:      layout_loops_corners, due_unseen_surprise
D:3:      layout_loops_ring, nicolae_gozag_zags_fifth_avenue
D:4:      layout_loops_cross, nicolae_underground_beach
D:5:      layout_rooms, uniq_crazy_yiuf_cottage, uniq_grinder
D:6:      layout_rooms, uniq_sigmund, uniq_pikel

Skill      XL: |  1  2  3  4  5  6  7  8 |
---------------+-------------------------+-----
Fighting       | 3 4 5 |  5.3
Unarmed Combat | 4 5 6 |  6.4
Throwing       | 1 2 4 |  4.1
Shields        | 1 2 3 |  3.0
Dodging        | |  2.7

Action                   |  1- 3 |  4- 6 |  7- 9 || total
-------------------------+-------+-------+-------++-------
Melee: Unarmed           |   103 |    93 |    48 ||   244
       Punch             |     1 |     1 |       ||     2
Throw: Boomerang         |       |    27 |     3 ||    30
Invok: Berserk           |       |     2 |     2 ||     4
       Trog's Hand       |       |     2 |     5 ||     7
  Use: Scroll            |       |     1 |     1 ||     2
       Potion            |       |       |     2 ||     2
 Stab: Sleeping          |     1 |       |       ||     1
Armor: Animal skin       |    34 |    40 |    23 ||    97
Dodge: Dodged            |    43 |    41 |    45 ||   129
Block: Kite shield       |       |    28 |    40 ||    68

Table legend: (Time is in decaauts)
 A = Elapsed time spent in this place.
 B = Non-inter-level travel time spent in this place.
 C = Inter-level travel time spent in this place.
 D = Time resting spent in this place.
 E = Time spent auto-exploring this place.
 F = Levels seen in this place.
 G = Mean time per level.
                   A        B        C        D        E       F      G
               +--------+--------+--------+--------+--------+-----+--------+
         Total |   3968 |   3598 |    370 |    130 |   2623 |   6 |  661.3 |
       Dungeon |   3968 |   3598 |    370 |    130 |   2623 |   6 |  661.3 |
               +--------+--------+--------+--------+--------+-----+--------+

Top non-repeatable levels by time:
     D:2: 981 daAuts
     D:3: 762 daAuts
     D:4: 758 daAuts
     D:1: 752 daAuts
     D:5: 681 daAuts
     D:6: 31 daAuts
